Description

Artanis is great for many comps, although Tempest might have the best consistent dps against most comps, High Templar and Zealots is the most fun. This type of play requires a lot more micro than other A-move type build and as such map awareness is important. Make sure to keep probe production going until you max out then get upgrades and use extra gas on High Templar, trying to only turn them into Archons once they run out of energy.

VOD

https://youtu.be/qK7o_npCmO0

Replay - Best Builder Order Artanis Easy Expo

Build Order

Get SALT Encoding   

  12  0:03  Probe (Chrono Boost)  
  13  0:15  Probe (Chrono Boost)  
  14  0:27  Probe (Chrono Boost)  
  15  0:39  Probe (Chrono Boost)  
  16  0:43  Gateway  
  16  0:51  Probe (Chrono Boost)  
  16  0:54  Assimilator  
  17  1:03  Probe (Chrono Boost)  
  17  1:07  Assimilator  
  18  1:15  Probe (Chrono Boost)  
  19  1:27  Probe (Chrono Boost)  
  20  1:39  Probe (Chrono Boost)  
  21  1:50  Probe (Chrono Boost)  
  21  1:52  Cybernetics Core  
  21  1:57  Zealot  
  25  2:19  Zealot  
  30  3:01  Nexus  
  31  3:20  Twilight Council  
  32  3:39  Pylon  
  35  4:14  Templar Archives  
  35  4:18  Forge  
  38  4:48  Assimilator x2  
  38  4:49  Khaydarin Amulet  
  40  4:53  Whirlwind  
  43  5:18  Gateway  
  45  5:46  Gateway  
  45  5:47  Psionic Storm  
  49  6:00  Gateway  
  49  6:01  Protoss Ground Weapons Level 1  
  49  6:19  Robotics Facility x2  
  50  6:25  Plasma Surge  
  54  7:02  Gateway  
  55  7:15  Gateway x2  
  54  7:26  Gateway  
  54  7:33  Gateway  
  54  7:39  Gateway  
  54  7:41  Charge  
  54  7:51  High Templar x5  
  54  7:55  Zealot  
  66  8:09  Zealot x3  
  72  8:21  Protoss Ground Weapons Level 2  
  72  8:32  High Templar x2  
  76  8:46  Zealot x4  
  86  9:11  High Templar x2  
  96  9:37  High Templar  
Spawning Tool Build Advisor. Get it on Overwolf

Go to:

Details

  • Created by: hunter      
  • Published on: Jun 19, 2018
  • Modified on: Oct 28, 2018
  • Patch: 4.0.0
  • Difficulty: Easy
Show
View Real Time Build Order
Export as new Build Order

Comments (0)

There are no comments. Be the first!

Create an account to comment!